 Dungeon Crawl Stone Soup version 0.31-a0-1-g4198be8af4 (webtiles) character file.

Game seed: 4004370893635224431

11748 Pooter the Skirmisher (level 11, -3/99 HPs)
             Began as a Minotaur Hunter on Apr 29, 2023.
             Was an Elder of Trog.
             Slain by an orc knight
             ... wielding a +0 long sword
              (15 damage)
             ... on level 11 of the Dungeon on Apr 30, 2023.
             The game lasted 01:09:49 (14307 turns).

Pooter the Skirmisher (Minotaur Hunter)            Turns: 14307, Time: 01:09:49

Health: -3/99      AC: 17    Str: 17    XL:     11   Next: 53%
Magic:  5/10       EV:  7    Int:  5    God:    Trog [****..]
Gold:   41         SH:  0    Dex: 23    Spells: 10/10 levels left

rFire   . . .        a - +3 battleaxe
rCold   . . .        (shield currently unavailable)
rNeg    + . .        c - +0 plate armour
rPois   +            (helmet unavailable)
rElec   .            L - +2 ratskin cloak {*Rats rPois rN+ Str-1 Int-1 Dex+1}
rCorr   .            O - +0 pair of gloves
SInv    .            (no boots)
Will    .....        z - amulet of faith {!P} Stlth
                     S - +6 ring of dexterity
HPRegen 0.36/turn    P - ring of poison resistance
MPRegen 0.12/turn

%: faith
@: mighty, on berserk cooldown, slowed, very slow
A: horns 3, retaliatory headbutt, iridescent scales 1, shaggy fur 1, sturdy
frame 1
a: Renounce Religion, Berserk, Trog's Hand, Brothers in Arms


You were on level 11 of the Dungeon.
You worshipped Trog.
Trog was greatly pleased with you.
You visited 1 branch of the dungeon, and saw 11 of its levels.
You also visited: Sewer and Bailey.

You collected 545 gold pieces.
You spent 504 gold pieces at shops.

Inventory:

Hand Weapons
 a - a +3 battleaxe (weapon)
   (You took it off a wight on level 8 of the Dungeon)
 b - the +4 longbow "Pooter's Doom" {antimagic, Fly Int+7 Stlth-}
   (You acquired it on level 3 of the Dungeon)

   Int:       It affects your intelligence (+7).
   Fly:       It grants you flight.
   Stlth:     It makes you less stealthy.
 i - a +4 flail of holy wrath
   (You took it off an orc on level 9 of the Dungeon)
 v - a +0 halberd
   (You took it off a gnoll on level 10 of the Dungeon)
 x - a +0 trident
   (You took it off an orc on level 4 of the Dungeon)
 A - a +0 morningstar
   (You took it off a wight on level 8 of the Dungeon)
 I - the +0 falchion of the End {venom, rElec rF- Stlth+}
   (You found it on level 2 of the Dungeon)

   rF:        It makes you vulnerable to fire.
   rElec:     It insulates you from electricity.
   Stlth:     It makes you more stealthy.
 V - a +1 vampiric broad axe
   (You found it on level 6 of the Dungeon)
Missiles
 n - 47 poisoned darts (quivered)
 p - 4 silver boomerangs
 Q - 98 stones
 R - 2 throwing nets {!f}
 U - 3 curare-tipped darts
Armour
 c - a +0 plate armour (worn)
   (You took it off an orc warrior in a bailey)
 G - a +2 cloak
   (You found it on level 6 of the Dungeon)
 L - the +2 ratskin cloak (worn) {*Rats rPois rN+ Str-1 Int-1 Dex+1}
   (You found it on level 7 of the Dungeon)

   *Rats:     When the wearer is hurt, rats may emerge from it to assist them.
   Str:       It affects your strength (-1).
   Int:       It affects your intelligence (-1).
   Dex:       It affects your dexterity (+1).
   rPois:     It protects you from poison.
   rN:        It protects you from negative energy.
 O - a +0 pair of gloves (worn)
   (You found it on level 7 of the Dungeon)
Jewellery
 o - an amulet of regeneration
   (You took it off a deep elf pyromancer in a bailey)
 z - an amulet of faith (around neck) {!P}
   (You found it on level 4 of the Dungeon)
 N - a ring of positive energy
   (You found it on level 1 of the Dungeon)
 P - a ring of poison resistance (right hand)
   (You found it on level 5 of the Dungeon)
 S - a +6 ring of dexterity (left hand)
   (You found it on level 8 of the Dungeon)
 W - a ring of ice
   (You found it on level 9 of the Dungeon)
Wands
 f - a wand of flame (20)
   (You found it on level 2 of the Dungeon)
 B - a wand of charming (14)
   (You took it off an orc wizard on level 5 of the Dungeon)
 H - a wand of quicksilver (6)
   (You found it on level 10 of the Dungeon)
 T - a wand of polymorph (10)
   (You found it on level 8 of the Dungeon)
Scrolls
 d - 4 scrolls of immolation {!r}
 g - 2 scrolls of vulnerability {!r}
 k - 2 scrolls of fear
 q - 3 scrolls of fog
 t - 6 scrolls of teleportation {@r4}
 u - 2 scrolls of enchant armour
 w - a scroll of silence
 y - a scroll of poison {!r}
Potions
 e - a potion of ambrosia {unknown}
 h - 2 potions of attraction {!q}
 j - 4 potions of flight
 l - a potion of degeneration {unknown}
 m - 2 potions of haste {@q3}
 r - 4 potions of mutation {!q}
 s - 3 potions of heal wounds {@q2}
 C - 2 potions of invisibility
 E - 5 potions of curing {@q1}
 F - 3 potions of might
 J - 3 potions of cancellation
 K - 3 potions of magic {unknown}
 M - a potion of berserk rage {unknown}
Miscellaneous
 D - a piece from Xom's chessboard (13/15)
   (You found it in a bailey)


   Skills:
 + Level 10.0 Fighting
 - Level 8.2 Long Blades
 * Level 10.2 Axes
 * Level 13.1 Ranged Weapons
 - Level 2.1 Dodging
 - Level 4.8 Stealth


You had 10 spell levels left.
You didn't know any spells.
Your spell library contained the following spells:

 Spells                   Type           Power      Damage    Failure   Level
 Petrify                  Tmut/Erth      0%         N/A       100%        4
 Metabolic Englaciation   Hex/Ice        0%         N/A       100%        5
 Statue Form              Tmut/Erth      0%         N/A       100%        6


Dungeon Overview and Level Annotations

Branches:
Dungeon (11/15)            Temple (0/1) D:4           Sewer (visited)
 Bailey (visited)
   Lair: D:8-11         Orc: D:9-12

Altars:
Dithmenos
Qazlal
Sif Muna
Trog
Xom
Yredelemnul
Zin

Shops:
D:6 !*!!:

Annotations:
D:3 1 runed translucent door, superbruh's ghost, amateur DsBe
D:5 2 transporters, sargonster's ghost, novice HOBe


Innate Abilities, Weirdness & Mutations

You have a pair of large horns on your head.
You reflexively headbutt those who attack you in melee.
You are partially covered in iridescent scales. (AC +2)
You are covered in fur. (AC +1)
Your movements are slightly less encumbered by armour. (ER -2)


Message History

An orc knight comes into view. It is wielding a +0 scimitar.
The helpless Urug fails to defend herself.
You cut Urug into ribbons!!! You headbutt Urug!
The helpless Urug fails to defend herself.
You slash Urug!
The helpless Urug fails to defend herself.
You slice Urug!!
You kill Urug!
Trog accepts your kill.
Your Axes skill increases to level 10!
Your Ranged Weapons skill increases to level 13!
A red film seems to cover your vision as you go berserk!
You feel yourself moving faster!
You feel mighty!
The orc knight hits you with a +0 scimitar!
The orc knight blocks your attack.
An orc knight comes into view. It is wielding a +0 long sword.
The orc knight hits you with a +0 scimitar!
The orc knight shouts!
You slash the orc knight! Your headbutt misses the orc knight.
The orc knight hits you with a +0 scimitar.
You slash the orc knight!
The orc knight roars a battlecry!
The orc knight goes into a battle-frenzy!
You slice the orc knight!! Your headbutt misses the orc knight.
You slice the orc knight!!
You kill the orc knight!
Trog accepts your kill.
Your piece from Xom's chessboard (13/15) has regained one charge.
Your Fighting skill increases to level 10!
You feel a strong urge to attack something.
You feel your anger nearly subside.
You are no longer berserk.
You are exhausted.
You feel yourself slow down.
There is a stone staircase leading up, spattered with blood here.
You feel very mighty all of a sudden. The orc knight barely misses you.
You furiously retaliate!
You headbutt the orc knight!! The orc knight blocks your attack.
You headbutt the orc knight!
The orc knight hits you with a +0 long sword!
The orc knight hits you with a +0 long sword!!
The orc knight blocks your attack.
Your headbutt misses the orc knight.
The orc knight hits you with a +0 long sword.
The orc knight hits you with a +0 long sword!!
* * * LOW HITPOINT WARNING * * *
A river rat scurries out from under your cloak.
The orc knight blocks your attack.
The orc knight hits you with a +0 long sword!
* * * LOW HITPOINT WARNING * * *
The orc knight hits you with a +0 long sword!
You die...

#.............
.#.............
........... ...
.......).# ....
.###..)..##....
.#(#...........
.###...........
.......r.......
......o@.......
.###.######....
... .... .....
... .... .. ...


You could see an orc knight (strong, ally target), a +7 demon blade and a
friendly river rat.

Vanquished Creatures
  A boulder beetle (D:10)
  A two-headed ogre (D:9)
  Urug (D:11)
  A wizard (D:10)
  A deep elf pyromancer (Bailey)
  Pikel (D:7)
  2 orc knights
  A kobold demonologist (D:10)
  2 hornets
  2 trolls (D:10)
  Prince Ribbit (D:5)
  Eustachio (D:6)
  2 wyverns
  6 yaks (D:10)
  A vampire (D:10)
  A steam dragon (D:7)
  Menkaure (D:6)
  An acid dragon (D:10)
  2 water moccasins
  Duvessa (D:6)
  A black bear (D:6)
  7 orc warriors
  2 ice beasts
  2 sky beasts
  2 ogres
  2 centaurs (D:6)
  A lemure (D:7)
  A bullfrog (D:6)
  7 kobold brigands
  A gnoll sergeant (D:8)
  2 scorpions (D:5)
  9 wights (D:8)
  Dowan (D:6)
  4 howler monkeys
  3 electric eels (D:9)
  5 orc priests
  4 hounds
  6 jellies
  A human skeleton (D:8)
  4 sleepcaps
  Terence (D:2)
  4 iguanas
  8 orc wizards
  Natasha (thrice) (D:4)
  Robin (D:2)
  11 adders
  13 gnolls
  8 river rats (Sewer)
  3 white imps
  An ufetubus (D:6)
  A dart slug (D:3)
  6 worms
  35 orcs
  6 endoplasms
  3 giant cockroaches
  13 goblins
  9 hobgoblins
  5 jackals
  4 quokkas
  11 ball pythons
  5 bats
  4 frilled lizards
  29 kobolds
  19 rats
298 creatures vanquished.

Vanquished Creatures (others)
  A human (D:8)
  An orc (D:8)
2 creatures vanquished.

Grand Total: 300 creatures vanquished

Notes
Turn   | Place    | Note
-------+----------+-------------------------------------------
     0 | D:1      | Pooter the Minotaur Hunter began the quest for the Orb.
     0 | D:1      | Reached XP level 1. HP: 18/18 MP: 0/0
    50 | D:1      | Reached skill level 1 in Stealth
    72 | D:1      | Reached XP level 2. HP: 20/25 MP: 1/1
   399 | D:1      | Found a faded altar of an unknown god.
   418 | D:1      | Prayed at the altar of an unknown god.
   418 | D:1      | Became a worshipper of Trog the Wrathful
   418 | D:1      | Reached * piety under Trog
   733 | D:2      | Noticed Terence
   788 | D:2      | Killed Terence
   789 | D:2      | Reached skill level 5 in Ranged Weapons
   789 | D:2      | Reached XP level 3. HP: 31/31 MP: 2/2
   881 | D:2      | Found a glowing silver altar of Zin.
  1032 | D:2      | Reached XP level 4. HP: 38/38 MP: 3/3
  1066 | D:2      | Noticed Robin
  1079 | D:2      | Killed Robin
  1287 | D:2      | Identified the +0 falchion of the End {venom, rElec rF-
                  | Stlth+}
  1754 | D:3      | Reached ** piety under Trog
  1801 | D:3      | Reached skill level 1 in Long Blades
  1801 | D:3      | Reached XP level 5. HP: 46/46 MP: 4/4
  2095 | D:3      | Found a runed translucent door.
  2096 | D:3      | Noticed superbruh's ghost (amateur DsBe)
  2135 | D:3      | Identified a scroll of acquirement
  2136 | D:3      | Acquired the +4 longbow "Pooter's Doom" {antimagic, Fly
                  | Int+7 Stlth-}
  2367 | D:4      | Noticed Natasha
  2373 | D:4      | Killed Natasha
  2545 | D:4      | Found a staircase to the Ecumenical Temple.
  2545 | D:4      | Noticed Natasha
  2554 | D:4      | Killed Natasha
  2555 | D:4      | Reached skill level 6 in Ranged Weapons
  2597 | D:4      | Noticed Natasha
  2601 | D:4      | Killed Natasha
  2641 | D:4      | Reached XP level 6. HP: 18/52 MP: 2/5
  3365 | D:4      | Noticed a sky beast
  3374 | D:4      | Killed a sky beast
  3416 | D:4      | Found a stormy altar of Qazlal.
  3554 | D:5      | Entered Level 5 of the Dungeon
  3575 | D:5      | Found a transporter.
  3638 | D:5      | Reached XP level 7. HP: 60/60 MP: 2/6
  3905 | D:5      | Reached skill level 7 in Ranged Weapons
  3975 | D:5      | Noticed Prince Ribbit
  3984 | D:5      | Killed Prince Ribbit
  3985 | D:5      | Reached skill level 5 in Fighting
  3985 | D:5      | Reached skill level 5 in Long Blades
  4078 | D:5      | Reached XP level 8. HP: 68/68 MP: 2/7
  4260 | D:5      | Reached skill level 8 in Ranged Weapons
  4348 | D:5      | Found a shimmering blue altar of Sif Muna.
  4465 | D:5      | Found a glowing silver altar of Zin.
  4522 | D:5      | Noticed sargonster's ghost (novice HOBe)
  4564 | D:5      | Found a transporter.
  4785 | D:6      | Noticed Menkaure
  4799 | D:6      | Killed Menkaure
  4854 | D:6      | Found Beobeito's Distillery.
  4859 | D:6      | Bought a potion of heal wounds for 60 gold pieces
  4859 | D:6      | Bought a potion of curing for 36 gold pieces
  4864 | D:6      | Found Feojaz's Distillery.
  4867 | D:6      | Bought a potion of invisibility for 104 gold pieces
  4888 | D:6      | Found a glowing drain.
  4912 | Sewer    | Entered a sewer
  5658 | Sewer    | Reached *** piety under Trog
  6200 | D:6      | Reached **** piety under Trog
  6249 | D:6      | Reached XP level 9. HP: 75/75 MP: 2/8
  6281 | D:6      | Found Ifretsea's Distillery.
  6312 | D:6      | Noticed Eustachio
  6319 | D:6      | Killed Eustachio
  6320 | D:6      | Reached skill level 9 in Ranged Weapons
  6346 | D:6      | Found Seure's Assorted Antiques.
  6350 | D:6      | Bought a scroll labelled DENOYSEKK for 22 gold pieces
  6371 | D:6      | Found Gaulug's Book Emporium.
  6372 | D:6      | Noticed Duvessa
  6373 | D:6      | Noticed Dowan
  6389 | D:6      | Killed Duvessa
  6398 | D:6      | Killed Dowan
  6785 | D:6      | Noticed a moth of wrath
  6788 | D:6      | Found a bloodstained altar of Trog.
  6979 | D:6      | Reached skill level 1 in Axes
  7001 | D:6      | Identified the +1 robe of Hepliaklqana's Reproof {rN+}
  7101 | D:7      | Noticed Pikel
  7112 | D:7      | Killed Pikel
  7169 | D:7      | Reached skill level 10 in Ranged Weapons
  7460 | D:6      | Bought a scroll of teleportation for 66 gold pieces
  7585 | D:7      | Found the +2 ratskin cloak {*Rats rPois rN+ Str-1 Int-1
                  | Dex+1}
  8337 | D:7      | Found a shadowy altar of Dithmenos.
  8422 | D:8      | Found a runed translucent door.
  8428 | D:8      | Found a basalt altar of Yredelemnul.
  8473 | D:8      | Paralysed by a hornet for 1 turns
  8479 | D:8      | Reached XP level 10. HP: 76/88 MP: 2/9
  8529 | D:8      | Gained mutation: You are frail. (-10% HP) [potion of
                  | mutation]
  8529 | D:8      | Gained mutation: Your natural rate of healing is unusually
                  | fast. [potion of mutation]
  8530 | D:8      | Lost mutation: Your natural rate of healing is unusually
                  | fast. [potion of mutation]
  8530 | D:8      | Lost mutation: You are frail. (-10% HP) [potion of
                  | mutation]
  8530 | D:8      | Gained mutation: Your movements are slightly less
                  | encumbered by armour. (ER -2) [potion of mutation]
  8530 | D:8      | Gained mutation: You are covered in fur. (AC +1) [potion of
                  | mutation]
  8530 | D:8      | Gained mutation: You are partially covered in iridescent
                  | scales. (AC +2) [potion of mutation]
  8530 | D:8      | Gained mutation: You have a pair of large horns on your
                  | head. [potion of mutation]
  8558 | D:8      | Reached skill level 5 in Axes
  8956 | D:8      | Found a shimmering altar of Xom.
  9092 | D:8      | Upgraded the game from 0.30-a0-1164-ge08a67761e to
                  | 0.31-a0-1-g4198be8af4
  9659 | D:9      | Noticed a two-headed ogre
  9667 | D:9      | Killed a two-headed ogre
  9668 | D:9      | Reached skill level 11 in Ranged Weapons
 10890 | D:10     | Entered Level 10 of the Dungeon
 10902 | D:10     | Noticed a boulder beetle
 10923 | D:10     | Killed a boulder beetle
 11007 | D:10     | Found a flagged portal.
 11018 | D:10     | Reached skill level 12 in Ranged Weapons
 11029 | Bailey   | Entered a bailey
 12192 | Bailey   | Noticed an orc knight
 12208 | Bailey   | Killed an orc knight
 12208 | Bailey   | Reached ***** piety under Trog
 12209 | Bailey   | Reached XP level 11. HP: 97/97 MP: 3/10
 12549 | Bailey   | Found a large runed translucent door.
 12549 | Bailey   | Found a large runed translucent door.
 12551 | Bailey   | Noticed a deep elf pyromancer
 12603 | Bailey   | Killed a deep elf pyromancer
 12848 | D:10     | Identified the +2 robe "Xoyclewi" {Rampage rC- Stlth+
                  | Archmagi}
 13265 | D:6      | Bought a potion of cancellation for 112 gold pieces
 13308 | D:6      | Bought a potion of invisibility for 104 gold pieces
 13611 | D:10     | Noticed a sun demon
 14161 | D:10     | Identified the +2 leather armour "Giyxumo" {rElec Will-
                  | Dex+3}
 14215 | D:11     | Noticed a wizard
 14215 | D:11     | Noticed a +7 demon blade
 14218 | D:11     | Noticed Urug
 14235 | D:10     | Killed a wizard
 14289 | D:11     | Noticed an orc knight
 14293 | D:11     | Killed Urug
 14294 | D:11     | Reached skill level 10 in Axes
 14294 | D:11     | Reached skill level 13 in Ranged Weapons
 14295 | D:11     | Noticed an orc knight
 14299 | D:11     | Killed an orc knight
 14300 | D:11     | Reached skill level 10 in Fighting
 14307 | D:11     | Slain by an orc knight

Illustrated notes

Levels and vault maps discovered:
D:1:      minmay_arrival_cross, layout_loops_ring,
          shapermc_ecumenical_altar_starsandcircs, chequers_hall_statues_y
D:2:      layout_basic, basic_altar, uniq_robin, uniq_terence
D:3:      layout_basic, ebering_ghost_inner_flame, kennysheep_generic_room_2
D:4:      layout_gridville, nicolae_qazlal_beasts_of_the_sky,
          minmay_temple_entry_butterflies, palyth_stone_intersect, st_stairs_12,
          uniq_natasha
D:5:      layout_cave_pools, zin_scriptorium, gammafunk_ghost_mausoleum,
          hangedman_abyss_or_decor_slice, dreamdust_princess_corridor,
          minmay_misc_feat_iff, minmay_ruined_shrine, uniq_prince_ribbit1
D:6:      layout_loops_corners, tgw_trog, gup_sewer_entry_glass, serial_shops,
          shop, nicolae_shop_just_a_little_nook, nicolae_shop_industrial_runoff,
          nicolae_shop_back_alley_shop, nicolae_shop_tiny_real_fake_doors,
          uniq_menkaure, uniq_duvessa, uniq_eustachio
D:7:      layout_basic, grunt_dithmenos_smoke_and_mirrors, uniq_pikel
D:8:      layout_rooms, mainiacjoe_overflow_alcove_1, dk_yredelemnul_ordeal
D:9:      layout_basic
D:10:     layout_loops_ring, enter_bailey_2
D:11:     layout_stronghold, lair_entry_dummy, sword_in_stone, uniq_nergalle

Skill      XL: |  1  2  3  4  5  6  7  8  9 10 11 |
---------------+----------------------------------+-----
Stealth        | 1 2 3 4 |  4.8
Fighting       | 3 4 5 6 7 9 10 | 10.0
Ranged Weapons | 5 6 7 8 10 12 13 | 13.1
Long Blades    | 1 2 3 5 7 8 |  8.2
Axes           | 4 8 10 | 10.2
Dodging        | |  2.1

Action                     |  1- 3 |  4- 6 |  7- 9 | 10-12 || total
---------------------------+-------+-------+-------+-------++-------
  Melee: Dagger            |     7 |       |       |       ||     7
         Headbutt          |     2 |    10 |    31 |    33 ||    76
         Falchion          |     7 |    71 |    89 |       ||   167
         Punch             |       |     1 |       |     2 ||     3
         Broad axe         |       |       |    34 |    41 ||    75
         Battleaxe         |       |       |       |   105 ||   105
         Flail             |       |       |       |     4 ||     4
   Fire: Shortbow          |    60 |    47 |       |       ||   107
         Longbow           |       |    49 |   205 |   155 ||   409
  Throw: Dart              |       |       |     2 |       ||     2
 Invoke: Berserk           |     3 |     4 |     6 |     7 ||    20
         Trog's Hand       |       |     3 |     5 |     7 ||    15
  Evoke: Wand              |       |     4 |       |     9 ||    13
         Piece from Xom's  |       |       |       |     3 ||     3
    Use: Scroll            |     2 |     9 |     4 |    10 ||    25
         Potion            |       |     1 |       |     4 ||     5
   Stab: Invisible         |       |       |       |    10 ||    10
         Paralysed         |       |       |       |     3 ||     3
 Armour: Leather armour    |     7 |       |       |       ||     7
         Scale mail        |    19 |     7 |       |       ||    26
         Chain mail        |       |    70 |   101 |    50 ||   221
         Plate armour      |       |       |       |    56 ||    56
  Dodge: Dodged            |    26 |    48 |    73 |    74 ||   221

Table legend: (Time is in decaauts)
 A = Elapsed time spent in this place.
 B = Non-inter-level travel time spent in this place.
 C = Inter-level travel time spent in this place.
 D = Time resting spent in this place.
 E = Time spent auto-exploring this place.
 F = Levels seen in this place.
 G = Mean time per level.
                   A        B        C        D        E       F      G
               +--------+--------+--------+--------+--------+-----+--------+
         Total |  14737 |  14052 |    685 |   5160 |   6392 |  13 | 1133.6 |
       Dungeon |  11688 |  11003 |    685 |   3008 |   5911 |  11 | 1062.5 |
         Sewer |   1259 |   1259 |      0 |    638 |    418 |   1 | 1259.0 |
        Bailey |   1789 |   1789 |      0 |   1514 |     63 |   1 | 1789.0 |
               +--------+--------+--------+--------+--------+-----+--------+

Top non-repeatable levels by time:
  Bailey: 1789 daAuts
     D:9: 1627 daAuts
     D:6: 1546 daAuts
     D:4: 1521 daAuts
    D:10: 1327 daAuts
     D:7: 1309 daAuts
   Sewer: 1259 daAuts
     D:5: 978 daAuts
     D:8: 944 daAuts
     D:3: 857 daAuts
     D:1: 790 daAuts
     D:2: 748 daAuts
    D:11: 38 daAuts
